Map: Orbital Shipyard

Players

LilDicky - Winner!

  • Race: Terran Terran
  • League: Diamond

ProtossPimp

  • Race: Protoss Protoss
  • League: Gold

VOD

http://www.twitch.tv/tumescentpie

Description

Time

  • Played on: Dec. 17, 2015, 10 p.m.
  • Length: 6:09
Show
View Real Time Build Order
Export as new Build Order

LilDicky Terran - Winner!

Build Orders: MMM Bio 

Get SALT Encoding   

  12  0:01  SCV  
  13  0:14  SCV  
  14  0:18  Supply Depot  
  14  0:26  SCV  
  15  0:30  Refinery  
  15  0:40  SCV  
  16  0:46  Barracks  
  16  0:52  SCV  
  17  1:04  SCV  
  18  1:16  SCV  
  19  1:33  Factory  
  19  1:34  Supply Depot  
  19  1:36  Orbital Command  
  19  1:38  Marine  
  20  1:56  Marine  
  21  2:01  Barracks  
  21  2:05  SCV  
  22  2:10  Barracks  
  22  2:17  Refinery  
  22  2:28  Barracks Reactor  
  22  2:33  SCV  
  23  2:38  Widow Mine  
  23  2:39  Supply Depot  
  24  2:45  SCV  
  24  2:51  Barracks Tech Lab  
  25  2:57  SCV, Barracks Tech Lab  
  26  3:09  SCV  
  27  3:22  Stimpack  
  27  3:23  Combat Shields  
  27  3:24  Marine x4  
  27  3:25  SCV  
  32  3:30  Supply Depot  
  32  3:40  SCV  
  33  3:46  Marine x3  
  36  3:50  Starport  
  36  3:55  Marine  
  37  3:56  Supply Depot  
  35  4:12  Marine x3  
  35  4:13  SCV, Marine  
  40  4:21  Supply Depot  
  40  4:29  Medivac  
  40  4:30  Marine x2  
  40  4:31  Marauder  
  46  4:33  SCV  
  48  4:41  Marauder  
  48  4:43  Concussive Shells  
  48  4:45  SCV  
  50  4:48  Supply Depot  
  50  4:51  Marine  
  50  4:52  Marine  
  52  4:57  SCV, Marauder  
  55  5:09  SCV  
  55  5:11  Marauder  
  55  5:12  Marine x2  
  60  5:21  SCV  
  60  5:24  Marauder  
  63  5:30  Marine  
  63  5:31  Marine  
  63  5:32  Supply Depot  
  63  5:34  SCV  
Show
View Real Time Build Order
Export as new Build Order

ProtossPimp Protoss 

Build Orders:  

Get SALT Encoding   

  12  0:01  Probe (Chrono Boost)  
  13  0:11  Probe (Chrono Boost)  
  14  0:18  Pylon  
  14  0:22  Probe (Chrono Boost)  
  15  0:36  Probe (Chrono Boost)  
  15  0:38  Gateway  
  16  0:46  Assimilator  
  16  0:47  Probe (Chrono Boost)  
  17  0:57  Probe (Chrono Boost)  
  17  1:01  Gateway  
  18  1:08  Probe (Chrono Boost)  
  19  1:12  Assimilator  
  20  1:18  Probe (Chrono Boost)  
  20  1:19  Pylon  
  20  1:29  Cybernetics Core  
  20  1:33  Probe (Chrono Boost)  
  21  1:44  Probe (Chrono Boost)  
  22  1:54  Probe (Chrono Boost)  
  23  2:05  Warp Gate  
  23  2:07  Mothership Core (Chrono Boost), Adept x2  
  29  2:25  Probe (Chrono Boost)  
  30  2:36  Probe (Chrono Boost)  
  31  2:43  Robotics Facility  
  31  2:52  Pylon  
  31  3:10  Probe  
  31  3:11  Zealot (Chrono Boost)  
  36  3:15  Zealot (Chrono Boost)  
  31  3:23  Probe  
  32  3:34  Nexus  
  32  3:35  Probe  
  32  3:37  Observer (Chrono Boost)  
  34  3:47  Probe  
  34  3:59  Probe  
  35  4:08  Warp Prism (Chrono Boost)  
  37  4:11  Probe  
  38  4:23  Probe  
  39  4:26  Gateway  
  39  4:27  Twilight Council  
  39  4:44  Probe  
  39  4:45  Probe  
  41  4:52  Pylon  
  41  4:54  Probe  
  41  4:56  Pylon  
  41  4:57  Probe  
  43  5:00  Adept x2  
  43  5:05  Probe  
  49  5:14  Observer (Chrono Boost)  
  49  5:21  Templar Archives  
  49  5:23  Pylon  
  49  5:26  Gateway  
  49  5:37  Stalker x2  
  53  5:47  Adept  
Tags
 
Add a new tag
Caveats
  • Supply blocks, unpowered buildings, or Contaminate may cause inaccurate times.
  • Supply counts are checked every 10 seconds.